 Dungeon Crawl Stone Soup version 0.32-a0-913-g739538afd8 (webtiles) character file.

Game seed: 15568760334614560438

364 smashvw the Trooper (level 6, 0/56 HPs)
             Began as a Minotaur Fighter on Apr 8, 2024.
             Slain by a wight
             ... wielding a +0 dagger
              (5 damage)
             ... on level 4 of the Dungeon.
             The game lasted 00:04:47 (2282 turns).

smashvw the Trooper (Minotaur Fighter)              Turns: 2282, Time: 00:04:48

Health: 0/56       AC:  9    Str: 22    XL:     6   Next: 39%
Magic:  5/5        EV:  7    Int:  5    God:
Gold:   269        SH:  4    Dex: 10    Spells: 5/5 levels left

rFire   . . .        a - +0 trident
rCold   . . .        c - +0 buckler
rNeg    . . .        g - +0 chain mail
rPois   .            (helmet restricted)
rElec   .            (no cloak)
rCorr   .            (no gloves)
SInv    .            (no boots)
Will    .....        (no amulet) Stlth
                     (no ring)
HPRegen 0.29/turn    (no ring)
MPRegen 0.09/turn

%: no passive effects
@: no status effects
A: horns 2, retaliatory headbutt
a: no special abilities


You were on level 4 of the Dungeon.
You visited 1 branch of the dungeon, and saw 4 of its levels.

You collected 269 gold pieces.

Inventory:

Hand Weapons
 a - a +0 trident (weapon)
Armour
 c - a +0 buckler (worn)
 g - a +0 chain mail (worn)
Jewellery
 n - an amulet of magic regeneration
Scrolls
 b - a scroll of fog {unknown}
 e - 2 scrolls of enchant armour
 h - a scroll of blinking {unknown}
 i - a scroll of revelation {unknown}
 j - 2 scrolls of identify
 k - a scroll of teleportation {unknown}
 l - a scroll of vulnerability {unknown}
 q - a scroll of amnesia {unknown}
Potions
 d - a potion of might
 f - 4 potions of curing {unknown}
 m - 2 potions of heal wounds {unknown}
 o - a potion of enlightenment {unknown}
 p - a potion of attraction {unknown}


   Skills:
 + Level 5.4 Fighting
 + Level 4.5 Polearms
 + Level 5.3 Armour
 + Level 5.3 Shields


You had 5 spell levels left.
You didn't know any spells.
Your spell library contained the following spells:

 Spells                   Type           Power      Damage    Failure   Level
 Magic Dart               Conj           0%         1d3       98%         1
 Blink                    Tloc           0%         N/A       99%         2
 Call Imp                 Summ           0%         N/A       99%         2


Dungeon Overview and Level Annotations

Branches:
Dungeon (4/15)
 Temple: D:4-7

Altars:

Annotations:
D:4 Grinder


Innate Abilities, Weirdness & Mutations

You have a pair of horns on your head.
You reflexively headbutt those who attack you in melee.


Message History

The hound is lightly wounded.
The hound bites you. You block the wight's attack. The hound bites you.
You puncture the hound!
The hound is severely wounded.
The wight hits you from afar with a +0 halberd.
A kobold comes into view. It is wielding a +0 whip.
The hound bites you.
You puncture the hound!
You kill the hound!
The wight hits you from afar with a +0 halberd.
You feel drained.
Your life force feels restored.
You puncture the goblin!
You kill the goblin!
The wight hits you from afar with a +0 halberd.
The wight hits you from afar with a +0 halberd!
You barely miss the wight. The wight barely misses you.
The wight hits you with a +0 dagger.
You are too injured to fight recklessly!
You are too injured to fight recklessly!
You are too injured to fight recklessly!
The wight attacks as it pursues you! The wight hits you with a +0 dagger.
The wight attacks as it pursues you! The wight hits you but does no damage.
The wight attacks as it pursues you! The wight closely misses you.
Grinder gestures at you. Pain shoots through your body!
* * * LOW HITPOINT WARNING * * *
The wight attacks as it pursues you! You block the wight's attack.
Grinder blinks!
Okay, then.
As you read the scroll labelled COTAGO MIUTS, it crumbles to dust.
It is a scroll of identify.
e - 2 scrolls of enchant armour The wight hits you with a +0 dagger.
* * * LOW HITPOINT WARNING * * *
The wight attacks as it pursues you! The wight hits you with a +0 flail.
* * * LOW HITPOINT WARNING * * *
Grinder blinks!
The wight attacks as it pursues you! The wight hits you with a +0 dagger.
You die...

....#....###........#
...####5...........###
.##.##.............##
##..#.............#
.......#####....##
#......##.....##
#.§....##....##
##........#.##
#....@..#..#
..##...zz.##...#
......§.#####..#
....###w.# #### ...
#K.# .. #..#
......)..# ......#....
......##..##


You could see Grinder, 2 wights, a dart slug and a kobold.

Vanquished Creatures
  Sigmund (D:3)
  A hound (D:4)
  Jessica (D:3)
  3 gnolls (D:2)
  5 adders
  A dart slug (D:2)
  3 ribbon worms
  2 orcs (D:3)
  4 ball pythons
  5 endoplasms
  5 giant cockroaches
  4 goblins
  2 hobgoblins
  4 jackals (D:2)
  2 quokkas (D:2)
  2 bats
  5 frilled lizards
  10 kobolds
  5 rats
65 creatures vanquished.

Notes
Turn   | Place    | Note
-------+----------+-------------------------------------------
     0 | D:1      | smashvw the Minotaur Fighter began the quest for the Orb.
     0 | D:1      | Reached XP level 1. HP: 19/19 MP: 0/0
   193 | D:1      | Reached XP level 2. HP: 27/27 MP: 1/1
   619 | D:2      | Reached XP level 3. HP: 33/33 MP: 2/2
  1367 | D:2      | Reached XP level 4. HP: 26/41 MP: 3/3
  1642 | D:3      | Noticed Jessica
  1656 | D:3      | Killed Jessica
  1657 | D:3      | Reached XP level 5. HP: 36/47 MP: 4/4
  1719 | D:3      | Noticed Sigmund
  1778 | D:3      | Killed Sigmund
  1779 | D:3      | Reached skill level 5 in Fighting
  1779 | D:3      | Reached skill level 5 in Armour
  1779 | D:3      | Reached skill level 5 in Shields
  1779 | D:3      | Reached XP level 6. HP: 27/56 MP: 5/5
  2266 | D:4      | Noticed Grinder
  2282 | D:4      | Slain by a wight

Illustrated notes

Levels and vault maps discovered:
D:1:      saegor_arrival_simple_d, layout_basic
D:2:      layout_basic
D:3:      layout_rooms, due_unseen_surprise, uniq_jessica, uniq_sigmund
D:4:      layout_cave_pools, minmay_temple_entry_fiery, uniq_grinder,
          uniq_natasha

Skill      XL: |  1  2  3  4  5 |
---------------+----------------+-----
Fighting       | 4 5 |  5.4
Polearms       | 3 4 |  4.5
Armour         | 4 5 |  5.3
Shields        | 4 5 |  5.3

Action                     |  1- 3 |  4- 6 || total
---------------------------+-------+-------++-------
  Melee: Trident           |   103 |    95 ||   198
         Headbutt          |     9 |     7 ||    16
    Use: Scroll            |       |     1 ||     1
 Armour: Scale mail        |    11 |       ||    11
         Chain mail        |    33 |    51 ||    84
  Dodge: Dodged            |    28 |    23 ||    51
  Block: Buckler           |    21 |    15 ||    36

Table legend: (Time is in decaauts)
 A = Elapsed time spent in this place.
 B = Non-inter-level travel time spent in this place.
 C = Inter-level travel time spent in this place.
 D = Time resting spent in this place.
 E = Time spent auto-exploring this place.
 F = Levels seen in this place.
 G = Mean time per level.
                   A        B        C        D        E       F      G
               +--------+--------+--------+--------+--------+-----+--------+
         Total |   2316 |   2276 |     40 |      0 |   1819 |   4 |  579.0 |
       Dungeon |   2316 |   2276 |     40 |      0 |   1819 |   4 |  579.0 |
               +--------+--------+--------+--------+--------+-----+--------+

Top non-repeatable levels by time:
     D:2: 1029 daAuts
     D:3: 638 daAuts
     D:1: 595 daAuts
     D:4: 52 daAuts
